AoeStats
← SirEscara19

Arena

509649297Analyzed
1v1 RM · 6d ago on Sep 27, 2026· 41m 54s· 2 players
Game mode
Random Map
Map size
Tiny (2 player)
Population
200
Speed
Normal
Resources
Standard
Victory
Conquest
Starting age
Dark Age
Ending age
Imperial Age
RankedLock teamsTeams togetherTeam positionsShared explorationLock speedFull tech treeHidden civsTurbo modeCheats
Victory
Defeat
🇺🇾 Byzantines · Uruguay
818
+16
🇫🇷 Bohemians · France
819
-16
SirEscara19
2:24 Loom
12:21 Feudal Age
13:41 Wheelbarrow
12:53 Double-Bit Axe
20:11 Castle Age
19:43 Horse Collar
21:07 Hand Cart
21:48 Bow Saw
22:04 Stone Mining
22:17 Gold Mining
24:48 Heavy Plow
25:06 Hand Cart
25:37 Treadmill Crane
33:04 Imperial Age
32:06 Murder Holes
32:22 Fortified Wall
33:43 Gold Shaft Mining
35:10 Chemistry
34:30 Ballistics
34:40 Conscription
34:56 Hoardings
34:55 Scale Mail Armor
35:06 Forging
34:46 Fletching
34:56 Padded Archer Armor
36:55 Two-Man Saw
36:09 Capped Ram
38:40 Cavalier
39:20 Husbandry
40:19 Paladin
Jungle Kriss
11:07 Feudal Age
14:57 Castle Age
13:11 Double-Bit Axe
13:54 Horse Collar
16:03 Bow Saw
17:29 Heavy Plow
17:27 Loom
24:32 Masonry
24:33 Murder Holes
24:26 Town Watch
24:23 Pikeman
25:35 Squires
28:15 Ballistics
28:41 Scale Mail Armor
30:26 Wheelbarrow
33:47 Imperial Age
31:53 Hand Cart
33:18 Fletching
33:28 Scale Mail Armor
33:40 Forging
34:33 Chemistry
35:08 Conscription
37:11 Two-Man Saw
Connection lost

Rejoining the realm…

Still unreachable

The connection could not be restored.

Session expired

The server has moved on; the page needs a fresh start.